[Event "Titled Tuesday Blitz November 14 Late 2023"]
[White "Hoffmann, Asa"]
[Black "Djordjevic, Dejan N"]
[WhiteFideId "2001470"]
[BlackFideId "913316"]
[WhiteElo "2414"]
[BlackElo "2025"]
[Result "0-1"]
[Round "2"]
[TimeControl "180+1"]
[Date "2023.11.14"]
[WhiteClock "0:00:22"]
[BlackClock "0:00:08"]
[Board "181"]

1. d4 Nf6 2. Bg5 e6 3. Nd2 d5 4. e3 Be7 5. Bd3 Nbd7 6. f4 c5 7. c3 h6 8. Bh4 a6 9. Ngf3 b5 10. O-O b4 11. Ne5 Qc7 12. Rc1 bxc3 13. bxc3 c4 14. Bc2 O-O 15. Qf3 Rb8 16. Bg3 Nxe5 17. fxe5 Nd7 18. e4 Bb7 19. Qg4 Kh8 20. Bf4 Qd8 21. Qh5 Bg5 22. h4 g6 23. Qg4 Bxf4 24. Rxf4 h5 25. Qg3 Bc6 26. Rcf1 Qe7 27. Nf3 Rb2 28. Bd1 dxe4 29. Ng5 e3 30. Bf3 e2 31. Re1 Bxf3 32. Qxf3 Kg7 33. Rxe2 Rxe2 34. Qxe2 Nb6 35. Qf3 Nd5 36. Re4 Qa3 37. g4 Qxc3 38. gxh5 Qxf3 39. Nxf3 gxh5 40. Re2 c3 41. Ng5 Rb8 42. Rf2 Rb1+ 43. Kg2 Rb2 44. Ne4 Rxf2+ 45. Nxf2 c2 46. Nd3 Nc3 47. Nc1 Kg6 48. Kf3 Kf5 49. Ke3 Nb5 50. Kd3 Kg4 51. Ne2 c1=Q 52. Nxc1 Kxh4 53. d5 exd5 54. Nb3 Kg3 55. Nc5 h4 56. Nxa6 h3 57. Nb4 h2 58. Nxd5 h1=Q 59. Nf6 Qd1+ 60. Kc4 Nc7 61. a4 Qxa4+ 62. Kc5 Qa6 63. Kd4 Ne6+ 64. Kd5 Nf4+ 65. Ke4 Qc6+ 66. Kf5 Qe6+ 67. Ke4 Ng6 68. Nd5 Qxe5+ 69. Kd3 Qxd5+ 70. Ke3 f5 71. Ke2 Qd4 72. Kf1 Qb2 73. Ke1 Kf3 74. Kd1 Ke3 75. Ke1 Qe2# 0-1


[Site "https://www.chess.com"]

[Event "Titled Tuesday Blitz November 14 Late 2023"]
[White "tandercat"]
[Black "Kujawski, Adam"]
[BlackFideId "1100920"]
[WhiteElo "2024"]
[BlackElo "2413"]
[Result "1-0"]
[Round "2"]
[TimeControl "180+1"]
[Date "2023.11.14"]
[WhiteClock "0:00:43"]
[BlackClock "0:00:00"]
[Board "182"]

1. d4 Nf6 2. c4 e6 3. Nc3 Bb4 4. f3 d5 5. a3 Bxc3+ 6. bxc3 O-O 7. cxd5 exd5 8. e3 c5 9. Bd3 b6 10. Ne2 Ba6 11. O-O Bxd3 12. Qxd3 Nc6 13. e4 cxd4 14. cxd4 dxe4 15. fxe4 Re8 16. Bg5 Ne5 17. Qg3 Ned7 18. e5 h6 19. Bh4 g5 20. Bxg5 hxg5 21. Qxg5+ Kf8 22. exf6 Nxf6 23. Qh6+ Kg8 24. Rxf6 Rxe2 25. Qg5+ Kf8 26. Raf1 Qxd4+ 27. Kh1 Re7 28. Qh6+ Kg8 29. R6f4 1-0


[Site "https://www.chess.com"]

[Event "Titled Tuesday Blitz November 14 Late 2023"]
[White "Goncalves, Davi Sulzbacher"]
[Black "Desideri, Ricardo Maruchi"]
[WhiteFideId "2154510"]
[BlackFideId "2110440"]
[WhiteElo "2412"]
[BlackElo "1983"]
[Result "1-0"]
[Round "2"]
[TimeControl "180+1"]
[Date "2023.11.14"]
[WhiteClock "0:00:11"]
[BlackClock "0:00:09"]
[Board "183"]

1. e4 c5 2. f4 d6 3. Nf3 g6 4. Bc4 Bg7 5. O-O e6 6. f5 d5 7. fxe6 fxe6 8. exd5 exd5 9. Qe2+ Ne7 10. Bb5+ Nc6 11. Ng5 Bf5 12. Ne6 Bxe6 13. Qxe6 Rf8 14. Rxf8+ Kxf8 15. c3 a6 16. Bf1 Qc8 17. Qxc8+ Rxc8 18. Na3 b5 19. Nc2 d4 20. a4 c4 21. axb5 axb5 22. Ra6 d3 23. Na3 Rb8 24. b3 cxb3 25. Bxd3 b4 26. Nb5 bxc3 27. dxc3 Bxc3 28. Nxc3 b2 29. Bh6+ Kf7 30. Bc4+ Kf6 31. Nb1 Ke5 32. Kf2 Kd4 33. Be6 Nb4 34. Ra4 Nc6 35. Bg7+ Kc5 36. Bd7 Rb7 37. Bxc6 Kxc6 38. Bc3 Nd5 39. Bd4 Nb4 40. Ke2 Re7+ 41. Kd2 Rd7 42. Rxb4 1-0


[Site "https://www.chess.com"]

[Event "Titled Tuesday Blitz November 14 Late 2023"]
[White "Qiao, Cindy"]
[Black "katharinareinecke"]
[WhiteFideId "2620243"]
[WhiteElo "2411"]
[BlackElo "1944"]
[Result "1/2-1/2"]
[Round "2"]
[TimeControl "180+1"]
[Date "2023.11.14"]
[WhiteClock "0:00:53"]
[BlackClock "0:00:12"]
[Board "184"]

1. e4 c6 2. d4 d5 3. exd5 cxd5 4. Bf4 Nc6 5. Nf3 Bg4 6. c3 Nf6 7. Bd3 e6 8. O-O Be7 9. Nbd2 O-O 10. Re1 a6 11. h3 Bh5 12. Be2 b5 13. a3 Rc8 14. Rc1 Na5 15. Ne5 Nc4 16. Ndxc4 Bxe2 17. Qxe2 bxc4 18. Qf3 Ne4 19. Re2 Bd6 20. Qg4 Nf6 21. Qf3 Qb6 22. Rce1 Qc7 23. Bg3 Rb8 24. Rd2 Rb7 25. Ree2 Rfb8 26. Qe3 Ne4 27. Rc2 Nxg3 28. fxg3 Bxe5 29. dxe5 Qb6 30. Qxb6 Rxb6 31. Kf2 Kf8 32. Ke3 Ke7 33. Kd4 a5 34. Rf2 a4 35. g4 f6 36. h4 fxe5+ 37. Kxe5 Rf8 38. g5 g6 39. Rxf8 Kxf8 40. Rf2+ Ke7 41. g4 Ke8 42. h5 Ke7 43. hxg6 hxg6 44. Rf6 Rxb2 45. Rxe6+ Kf7 46. Ra6 Rb3 47. Rxa4 Rxc3 48. Kxd5 Rg3 49. Rxc4 Rxa3 50. Rc7+ Kg8 51. Ke6 Re3+ 52. Kf6 Rg3 53. Kxg6 Kf8 54. Rc4 Re3 55. Rc8+ Ke7 56. Kg7 Re4 57. g6 Rxg4 58. Rc7+ Kd6 59. Rf7 Ke6 60. Rf8 Ke7 61. Rf1 Rg3 62. Re1+ Kd6 63. Rf1 Ke7 64. Kh8 Rxg6 65. Re1+ Kd6 66. Rf1 Rg3 67. Rd1+ Ke5 68. Kh7 Kf4 69. Rf1+ Ke3 70. Ra1 Rg2 71. Ra3+ Kd4 72. Ra4+ Kc3 73. Ra3+ Kd4 74. Ra8 Kc3 75. Rf8 Kd4 76. Kh6 Kc3 77. Kh5 Kd4 78. Rf4+ Kc5 79. Rf8 Kd4 80. Rd8+ Kc5 81. Kh4 Rg7 82. Rc8+ Kd4 83. Rf8 Kc5 84. Rf5+ Kd4 85. Rf2 Kc5 1/2-1/2


[Site "https://www.chess.com"]

[Event "Titled Tuesday Blitz November 14 Late 2023"]
[White "Gyulamiryan-koryun"]
[Black "Suspenser17"]
[WhiteElo "1875"]
[BlackElo "2410"]
[Result "0-1"]
[Round "2"]
[TimeControl "180+1"]
[Date "2023.11.14"]
[WhiteClock "0:00:00"]
[BlackClock "0:01:11"]
[Board "185"]

1. e4 e5 2. Nf3 Nc6 3. Nc3 Nf6 4. Nxe5 Nxe5 5. d4 Ng6 6. e5 Ng8 7. g3 d6 8. exd6 Bxd6 9. Bg2 Nf6 10. O-O O-O 11. Bg5 h6 12. Be3 c6 13. Qd2 Be6 14. h4 Nd5 15. Bxh6 gxh6 16. Qxh6 Nxc3 17. bxc3 Re8 18. h5 Bf8 19. Qd2 Ne7 20. Rae1 Nf5 21. Re4 Bh6 22. Qe2 Bd5 23. Rxe8+ Qxe8 24. Qg4+ Ng7 25. Bxd5 cxd5 26. Rb1 b6 27. Qf3 Qe4 28. Kg2 Rc8 29. Qxe4 dxe4 30. Rb3 Bd2 31. Rb5 Rxc3 32. Rd5 Rxc2 33. Rd8+ Kh7 34. d5 Be3 35. g4 Rxf2+ 36. Kg3 Rd2 37. d6 Ne6 0-1


[Site "https://www.chess.com"]

[Event "Titled Tuesday Blitz November 14 Late 2023"]
[White "Szyszylo, Rafal"]
[Black "Vargas, Mauricio"]
[WhiteFideId "1109626"]
[BlackFideId "4404572"]
[WhiteElo "2407"]
[BlackElo "1852"]
[Result "1-0"]
[Round "2"]
[TimeControl "180+1"]
[Date "2023.11.14"]
[WhiteClock "0:00:32"]
[BlackClock "0:01:00"]
[Board "186"]

1. e4 d5 2. exd5 Qxd5 3. Nc3 Qa5 4. d4 c6 5. Nf3 Nf6 6. h3 Bf5 7. Bd2 e6 8. Bc4 Qc7 9. g4 Bg6 10. Ne5 Bd6 11. f4 Nbd7 12. h4 h5 13. Nxg6 fxg6 14. g5 Ng4 15. Bxe6 Bxf4 16. Bxg4 Bg3+ 17. Kf1 hxg4 18. Qxg4 Rf8+ 19. Kg2 Rf2+ 20. Kh3 Rxd2 21. Ne4 Rh2+ 22. Rxh2 Bxh2 23. Qe6+ Kd8 24. Qg8+ Ke7 25. Qxg7+ Ke8 26. Qxg6+ Ke7 27. Qg7+ Ke8 28. Re1 Kd8 29. Qg8+ Ke7 30. Nf6+ Kd6 31. Qe6# 1-0


[Site "https://www.chess.com"]

[Event "Titled Tuesday Blitz November 14 Late 2023"]
[White "Burke, Paul"]
[Black "Gurevich, Dmitry"]
[WhiteFideId "2605767"]
[BlackFideId "2000407"]
[WhiteElo "1850"]
[BlackElo "2405"]
[Result "0-1"]
[Round "2"]
[TimeControl "180+1"]
[Date "2023.11.14"]
[WhiteClock "0:00:34"]
[BlackClock "0:00:57"]
[Board "187"]

1. e4 c5 2. d4 cxd4 3. c3 dxc3 4. Nxc3 d6 5. Nf3 e6 6. Bd3 Nf6 7. h3 Be7 8. Bf4 O-O 9. Qe2 Nc6 10. a3 a6 11. Rd1 Qb6 12. Bb1 Rd8 13. O-O h6 14. Qd2 Ne5 15. Nd4 Nc4 16. Qc2 Qxb2 17. Qd3 Ne5 18. Qe3 Nh5 19. Bh2 Nc4 20. Qd3 Ne5 21. Qe3 Ng6 22. f4 Nf6 23. e5 dxe5 24. fxe5 Nd5 25. Nxd5 Rxd5 26. Bxg6 fxg6 27. Nf3 Bc5 0-1


[Site "https://www.chess.com"]

[Event "Titled Tuesday Blitz November 14 Late 2023"]
[White "DAVIDHDZSTS"]
[Black "Abduzhaparov"]
[WhiteElo "1849"]
[BlackElo "2404"]
[Result "0-1"]
[Round "2"]
[TimeControl "180+1"]
[Date "2023.11.14"]
[WhiteClock "0:00:00"]
[BlackClock "0:00:06"]
[Board "188"]

1. d4 g6 2. c4 Bg7 3. Nc3 d6 4. e4 Nc6 5. Nf3 e5 6. d5 Nce7 7. h3 f5 8. Bd3 Nf6 9. Bg5 O-O 10. Qd2 fxe4 11. Nxe4 Nf5 12. g4 Nd4 13. Nxd4 exd4 14. O-O-O Nxe4 15. Bxe4 Bf6 16. Bh6 Rf7 17. f4 Bd7 18. Rdf1 Qe8 19. Bd3 Qe3 20. f5 g5 21. h4 Qxd2+ 22. Kxd2 gxh4 23. g5 Bg7 24. Rxh4 Raf8 25. f6 Bxh6 26. Rxh6 Re8 27. g6 hxg6 28. Bxg6 Bg4 29. Bxf7+ Kxf7 30. Rh7+ Kg6 31. Rg7+ Kh6 32. Rh1+ Bh5 33. Rxc7 Re5 34. f7 Rf5 35. Rxb7 Kg6 36. Rxa7 Rf2+ 37. Kc1 Rf6 38. Rxh5 Kxh5 39. Rd7 Kg5 40. f8=Q Rxf8 41. Rxd6 Kf5 42. Re6 Rh8 43. Kc2 Rh3 44. b4 Rc3+ 45. Kd2 Rxc4 46. b5 Rc5 47. b6 Rxd5 48. Rd6 Rxd6 49. b7 Rb6 50. b8=Q Rxb8 0-1


[Site "https://www.chess.com"]

[Event "Titled Tuesday Blitz November 14 Late 2023"]
[White "Brodsky, David"]
[Black "Nakamura, Hikaru"]
[WhiteFideId "2073250"]
[BlackFideId "2016192"]
[WhiteElo "2797"]
[BlackElo "3293"]
[Result "0-1"]
[Round "3"]
[TimeControl "180+1"]
[Date "2023.11.14"]
[WhiteClock "0:00:00"]
[BlackClock "0:00:28"]
[Board "1"]

1. e4 a6 2. d4 e6 3. Nf3 d5 4. Nbd2 c5 5. dxc5 Bxc5 6. Bd3 Nf6 7. O-O Nc6 8. c3 Qc7 9. Qe2 O-O 10. e5 Ng4 11. Nb3 Bb6 12. Bxh7+ Kxh7 13. Ng5+ Kg8 14. Qxg4 Qxe5 15. Qh4 Qf5 16. Be3 Bd8 17. Qg3 f6 18. Nf3 e5 19. Rad1 Ne7 20. Rfe1 Qh5 21. Qh4 Qxh4 22. Nxh4 b6 23. f4 e4 24. c4 dxc4 25. Nd2 Nd5 26. Nxc4 Nxe3 27. Nxe3 b5 28. Ng6 Re8 29. f5 Bb6 30. g4 Ra7 31. Kg2 Bb7 32. Nf4 Bc8 33. Nfd5 Bc5 34. b4 Bf8 35. Rc1 a5 36. a3 axb4 37. axb4 Bb7 38. Re2 Bd6 39. Rd1 Be5 40. Rdd2 Ra3 41. h3 Rd3 42. Nb6 Bf4 0-1


[Site "https://www.chess.com"]

[Event "Titled Tuesday Blitz November 14 Late 2023"]
[White "Andreikin, Dmitry"]
[Black "Maksimovic, Bojan"]
[WhiteFideId "4158814"]
[BlackFideId "14408120"]
[WhiteElo "3131"]
[BlackElo "2793"]
[Result "1/2-1/2"]
[Round "3"]
[TimeControl "180+1"]
[Date "2023.11.14"]
[WhiteClock "0:02:02"]
[BlackClock "0:00:46"]
[Board "2"]

1. d4 Nf6 2. c4 g6 3. Nc3 Bg7 4. e4 d6 5. h3 Nbd7 6. Be3 e5 7. d5 Nc5 8. f3 h5 9. b4 Ncd7 10. h4 a5 11. a3 Bh6 12. Bxh6 Rxh6 13. Bd3 Kf8 14. Nge2 Kg7 15. Rc1 Rh8 16. Qd2 axb4 17. axb4 Nh7 18. Qe3 c6 19. g3 c5 20. b5 Ra3 21. Qd2 Ndf6 22. Nd1 Bd7 23. Nf2 Qe7 24. Rc3 Ra1+ 25. Rc1 Ra3 26. O-O Rha8 27. Rc3 Ra2 28. Rc2 R2a3 29. Rc3 Ra2 30. Rc2 R2a3 31. Rc3 1/2-1/2


[Site "https://www.chess.com"]

[Event "Titled Tuesday Blitz November 14 Late 2023"]
[White "Borsuk, Konstantin"]
[Black "Nihal Sarin"]
[WhiteFideId "14113406"]
[BlackFideId "25092340"]
[WhiteElo "2788"]
[BlackElo "3103"]
[Result "0-1"]
[Round "3"]
[TimeControl "180+1"]
[Date "2023.11.14"]
[WhiteClock "0:00:00"]
[BlackClock "0:00:37"]
[Board "3"]

1. d4 d5 2. c3 Nf6 3. Nf3 Bf5 4. Bf4 e6 5. Nbd2 Bd6 6. Bxd6 cxd6 7. e3 O-O 8. Nh4 Be4 9. Nxe4 dxe4 10. g4 Nc6 11. Ng2 e5 12. Be2 d5 13. h4 Nd7 14. Qb3 Nb6 15. g5 Kh8 16. a4 exd4 17. exd4 f5 18. a5 Nc8 19. Qxb7 N8e7 20. b4 f4 21. Bg4 Rb8 22. Qd7 Qxd7 23. Bxd7 Rb7 24. Bg4 Rc7 25. f3 a6 26. O-O e3 27. Ra3 Na7 28. Re1 Nb5 29. Rb3 Nxc3 30. Kh2 Nb5 31. Nxf4 Rxf4 32. Rbxe3 Ng8 33. Re8 Nxd4 34. Ra8 Rxg4 35. Ree8 Nxf3+ 36. Kh3 Rxh4+ 37. Kg3 h5 38. Rxg8+ Kh7 39. Rh8+ Kg6 40. Rxa6+ Kxg5 41. Kxf3 Rc3+ 42. Ke2 Rh2+ 43. Kd1 Ra3 0-1


[Site "https://www.chess.com"]

[Event "Titled Tuesday Blitz November 14 Late 2023"]
[White "Naroditsky, Daniel"]
[Black "Rastbod, Ali"]
[WhiteFideId "2026961"]
[BlackFideId "12567477"]
[WhiteElo "3100"]
[BlackElo "2777"]
[Result "1-0"]
[Round "3"]
[TimeControl "180+1"]
[Date "2023.11.14"]
[WhiteClock "0:00:06"]
[BlackClock "0:00:07"]
[Board "4"]

1. d4 Nf6 2. Nc3 d5 3. Bf4 c5 4. Nf3 cxd4 5. Qxd4 Nc6 6. Qd3 d4 7. Nb5 Nd5 8. Bg3 a6 9. e4 axb5 10. exd5 Qxd5 11. Qxb5 Qe4+ 12. Be2 Qxc2 13. Nxd4 Qa4 14. Nxc6 bxc6 15. Qxa4 Rxa4 16. O-O Bb7 17. Rfc1 f6 18. Bf3 Ra6 19. b4 Rb6 20. a4 e5 21. b5 cxb5 22. a5 Bxf3 23. axb6 Bd5 24. Ra7 1-0


[Site "https://www.chess.com"]

[Event "Titled Tuesday Blitz November 14 Late 2023"]
[White "Sokolovsky, Yahli"]
[Black "Tabatabaei, M. Amin"]
[WhiteFideId "2820242"]
[BlackFideId "12521213"]
[WhiteElo "2773"]
[BlackElo "3091"]
[Result "0-1"]
[Round "3"]
[TimeControl "180+1"]
[Date "2023.11.14"]
[WhiteClock "0:00:00"]
[BlackClock "0:00:05"]
[Board "5"]

1. b3 e6 2. Bb2 d5 3. e3 Nf6 4. Nf3 Bd6 5. d4 O-O 6. Nbd2 b6 7. Ne5 Bb7 8. Bd3 c5 9. O-O Nc6 10. f4 cxd4 11. exd4 Nb4 12. Be2 Rc8 13. c3 Nc6 14. Bd3 Ne7 15. Qf3 Qc7 16. Rae1 a6 17. Qh3 b5 18. g4 Ne4 19. Nxe4 dxe4 20. Bxe4 Bxe4 21. Rxe4 Nd5 22. c4 bxc4 23. bxc4 Nf6 24. Re2 Qb7 25. g5 Nd7 26. Nxd7 Qxd7 27. c5 Be7 28. f5 e5 29. dxe5 Bxc5+ 30. Kh1 Qb5 31. Qg2 Ba7 32. f6 g6 33. e6 fxe6 34. Rxe6 Rf7 35. Rfe1 Qb8 36. Qe2 Bc5 37. Qxa6 Rd8 38. Qe2 Bf8 39. Qg2 Qb5 40. R6e5 Qa6 41. a3 Qc8 42. R5e2 Qc4 43. Re4 Qd5 44. Re8 Qd7 45. Rxd8 Qxd8 46. Qe4 Qb8 47. Qe2 Qb7+ 48. Qg2 Qb5 49. Rd1 Qb3 50. Re1 Qb6 51. Qe2 Qc6+ 52. Qe4 Qb5 53. Bc1 Qa5 54. Qe6 Qa8+ 55. Kg1 Bc5+ 56. Be3 Bf8 57. Bc1 Bc5+ 58. Be3 Bxa3 59. Ra1 Qf8 60. Bd4 Bc5 61. Bxc5 Qxc5+ 62. Kg2 Qxg5+ 63. Kh1 Qxf6 64. Ra8+ Kg7 65. Qxf6+ Rxf6 66. Ra2 Rb6 67. Kg2 g5 68. Rc2 Kg6 69. Rd2 Kh5 70. Rc2 Rb4 71. Rd2 Kh4 72. Rc2 h5 73. Rd2 Kg4 74. Rc2 Kf4 75. Rf2+ Kg4 76. Rd2 h4 77. h3+ Kf5 78. Rf2+ Rf4 79. Rc2 Rd4 80. Rf2+ Ke4 81. Re2+ Kf4 82. Rf2+ Ke3 83. Rf5 Rd2+ 84. Kg1 Rd4 85. Rxg5 Kf3 86. Rg6 Rc4 87. Rg7 Rb4 88. Rg8 Ra4 89. Rg7 Rf4 90. Rg6 Re4 91. Rg4 Re1+ 92. Kh2 Re2+ 93. Kh1 Ra2 94. Rxh4 Kg3 95. Rg4+ Kxh3 0-1


[Site "https://www.chess.com"]

[Event "Titled Tuesday Blitz November 14 Late 2023"]
[White "Yoo, Christopher Woojin"]
[Black "Korchmar, Vasiliy"]
[WhiteFideId "30909694"]
[BlackFideId "24131750"]
[WhiteElo "3070"]
[BlackElo "2763"]
[Result "1-0"]
[Round "3"]
[TimeControl "180+1"]
[Date "2023.11.14"]
[WhiteClock "0:00:08"]
[BlackClock "0:00:00"]
[Board "6"]

1. d4 Nf6 2. Nf3 d5 3. c4 e6 4. Nc3 dxc4 5. Qa4+ Nbd7 6. e4 a6 7. Bxc4 Rb8 8. Qc2 b5 9. Bd3 c5 10. Bf4 Ra8 11. d5 c4 12. dxe6 cxd3 13. exd7+ Qxd7 14. Qb3 Qe6 15. O-O-O Qxb3 16. axb3 Be6 17. Nd4 b4 18. Nxe6 fxe6 19. Na4 Nxe4 20. Rhe1 Nxf2 21. Rd2 Rc8+ 22. Kb1 Rc2 23. Rxc2 dxc2+ 24. Kxc2 Kf7 25. h3 Be7 26. Nb6 Rd8 27. Rf1 Bc5 28. Nc4 Kg8 29. Ra1 Ra8 30. Re1 Kf7 31. Be3 Bxe3 32. Rxe3 Ke7 33. Re2 Rf8 34. Ne5 Nh1 35. Nc6+ Kd6 36. Nxb4 Ng3 37. Rd2+ Kc5 38. Nxa6+ Kb6 39. Rd6+ Kb5 40. Nc7+ Kb4 41. Rb6+ Kc5 42. Nxe6+ Kxb6 43. Nxf8 Nf1 44. Kd3 Kb5 45. Nxh7 Kb4 46. Ng5 Kxb3 47. Ne6 g6 48. Nf4 g5 49. Ne6 g4 50. hxg4 Nh2 51. g5 Ng4 52. Ke4 Kxb2 53. Kf4 Nf2 54. g6 Nd3+ 55. Kf5 Nb4 56. g7 Nd5 57. Ke5 Ne7 58. Nd4 Kc3 59. Nf5 Ng8 60. Ke6 Kd3 61. Kf7 1-0


[Site "https://www.chess.com"]

[Event "Titled Tuesday Blitz November 14 Late 2023"]
[White "Erigaisi Arjun"]
[Black "Nazari, Arad"]
[WhiteFideId "35009192"]
[BlackFideId "12577324"]
[WhiteElo "3034"]
[BlackElo "2762"]
[Result "1-0"]
[Round "3"]
[TimeControl "180+1"]
[Date "2023.11.14"]
[WhiteClock "0:01:19"]
[BlackClock "0:00:00"]
[Board "7"]

1. Nf3 Nf6 2. c4 g6 3. b3 Bg7 4. Bb2 O-O 5. e3 c6 6. Be2 d5 7. O-O Nbd7 8. d4 Ne4 9. Nc3 Nxc3 10. Bxc3 Nf6 11. b4 Ne4 12. Bb2 a5 13. b5 dxc4 14. bxc6 b5 15. a4 c3 16. Bc1 b4 17. Qc2 Qd5 18. Bd3 Nd6 19. e4 Qxc6 20. e5 Nc4 21. Be4 Bf5 22. Bxf5 gxf5 23. Qxf5 b3 24. d5 Qg6 25. Qf4 Rfc8 26. Nh4 Qd3 27. Nf5 Nxe5 28. Nxg7 Ng6 29. Qh6 b2 30. Nh5 Qd4 31. Be3 Qh8 32. Rae1 c2 33. d6 Rab8 34. dxe7 b1=Q 35. Bg5 Qxe1 36. Rxe1 Rb1 37. Bc1 Qc3 38. e8=Q+ 1-0


[Site "https://www.chess.com"]

[Event "Titled Tuesday Blitz November 14 Late 2023"]
[White "Hakobyan, Aram"]
[Black "Karacsonyi, Gellert"]
[WhiteFideId "13306677"]
[BlackFideId "764620"]
[WhiteElo "3029"]
[BlackElo "2762"]
[Result "1-0"]
[Round "3"]
[TimeControl "180+1"]
[Date "2023.11.14"]
[WhiteClock "0:01:45"]
[BlackClock "0:00:28"]
[Board "8"]

1. c4 Nf6 2. Nc3 e6 3. d4 Bb4 4. e3 O-O 5. a3 Bxc3+ 6. bxc3 c5 7. Ne2 d6 8. Ng3 Nc6 9. Ra2 b6 10. e4 Ne8 11. d5 Na5 12. Bd3 Ba6 13. Qe2 e5 14. O-O g6 15. f4 f6 16. f5 g5 17. h4 gxh4 18. Nh5 Ng7 19. Qg4 Rf7 20. Bh6 Qe7 21. Qxh4 Nxh5 22. Qxh5 Kh8 23. g4 Rg8 24. Rg2 Bxc4 25. Rf3 Bxd3 26. Rxd3 Nc4 27. Rh3 Nxa3 28. g5 fxg5 29. Bxg5 Rxg5 30. Rxg5 Nb5 31. Rhg3 Rf8 32. Qh6 Nxc3 33. Rxc3 Qxg5+ 34. Qxg5 Rg8 35. Rg3 Rxg5 36. Rxg5 1-0


[Site "https://www.chess.com"]

[Event "Titled Tuesday Blitz November 14 Late 2023"]
[White "Djordjevic, Vuk"]
[Black "Bortnyk, Olexandr"]
[WhiteFideId "902098"]
[BlackFideId "14120828"]
[WhiteElo "2745"]
[BlackElo "3020"]
[Result "1-0"]
[Round "3"]
[TimeControl "180+1"]
[Date "2023.11.14"]
[WhiteClock "0:00:05"]
[BlackClock "0:00:00"]
[Board "9"]

1. d4 d6 2. Bg5 g6 3. Nf3 Bg7 4. e3 c5 5. c3 Qb6 6. Na3 Nf6 7. Nc4 Qc7 8. a4 O-O 9. h3 Be6 10. Rc1 Ne4 11. Bh4 cxd4 12. cxd4 Bxc4 13. Bxc4 Qa5+ 14. Ke2 Nc6 15. Qb3 Nb4 16. Bxe7 Bh6 17. Bxf8 Rxf8 18. Bd3 Nxd3 19. Qxd3 Re8 20. Qb5 Qd8 21. Rhe1 a6 22. Qxb7 Qa5 23. Qb3 Ng3+ 24. fxg3 Rxe3+ 25. Qxe3 Bxe3 26. Kxe3 Qxa4 27. Re2 a5 28. Kf2 Qd7 29. g4 h6 30. Rc3 a4 31. Rc4 Kg7 32. Rec2 Qb5 33. Rc7 h5 34. g5 h4 35. Re2 Qb6 36. Rd7 Qc6 37. Ra7 Qb5 38. Rc2 Kg8 39. Rd2 Qb4 40. Re2 Qb5 41. Nxh4 Qxg5 42. Nf3 Qb5 43. h4 Kg7 44. Ng5 Qf5+ 45. Kg1 Qb5 46. Rxf7+ Kg8 47. Rc2 Qe8 48. Kh2 d5 49. Rcf2 Qb8+ 50. g3 a3 51. Rf8+ Qxf8 52. Rxf8+ Kxf8 53. bxa3 1-0


[Site "https://www.chess.com"]

[Event "Titled Tuesday Blitz November 14 Late 2023"]
[White "Martinez Alcantara, Jose Eduardo"]
[Black "Hambleton, Aman"]
[WhiteFideId "3805662"]
[BlackFideId "2606577"]
[WhiteElo "3019"]
[BlackElo "2720"]
[Result "1-0"]
[Round "3"]
[TimeControl "180+1"]
[Date "2023.11.14"]
[WhiteClock "0:01:53"]
[BlackClock "0:00:00"]
[Board "10"]

1. e4 c5 2. Nf3 e6 3. c3 Nf6 4. Bd3 Nc6 5. Bc2 d6 6. O-O e5 7. h3 Be7 8. d4 exd4 9. cxd4 cxd4 10. Nxd4 Nxd4 11. Qxd4 O-O 12. Nc3 Be6 13. Rd1 Nd7 14. Bf4 Ne5 15. Bb3 Bxb3 16. axb3 Nc6 17. Qd2 Qb6 18. Nd5 Qxb3 19. Ra3 Qc4 20. Rc1 Qb5 21. Nc7 Qb6 22. Nxa8 Rxa8 23. Be3 Qb5 24. Qd5 Qe2 25. Rb3 Rb8 26. Rxc6 1-0


[Site "https://www.chess.com"]

[Event "Titled Tuesday Blitz November 14 Late 2023"]
[White "Tristan, Leonardo"]
[Black "Ibarra Jerez, Jose Carlos"]
[WhiteFideId "113816"]
[BlackFideId "2226332"]
[WhiteElo "2719"]
[BlackElo "2964"]
[Result "0-1"]
[Round "3"]
[TimeControl "180+1"]
[Date "2023.11.14"]
[WhiteClock "0:00:07"]
[BlackClock "0:00:05"]
[Board "11"]

1. d4 d5 2. Nf3 Nf6 3. Bf4 c5 4. e3 Nc6 5. c3 Nh5 6. dxc5 Nxf4 7. exf4 e6 8. Bd3 Bxc5 9. O-O Qf6 10. g3 h6 11. Re1 g5 12. f5 O-O 13. b4 Bxb4 14. cxb4 Qxa1 15. b5 Ne7 16. Ne5 f6 17. Ng4 e5 18. Nxh6+ Kg7 19. Qh5 e4 20. h4 Bxf5 21. hxg5 Bg6 22. Qh4 fxg5 23. Qxg5 Qf6 24. Qxf6+ Rxf6 25. Ng4 Re6 26. Bc2 Rc8 27. Bb3 Rd6 28. Nd2 Nf5 29. Ne3 Rcd8 30. Ng2 Nd4 31. Nf4 Bf7 32. Bd1 Rc8 33. a4 Rc1 34. Ne2 Rxd1 35. Rxd1 Nxe2+ 36. Kg2 Nc3 37. Ra1 d4 38. Ra3 e3 39. fxe3 dxe3 40. Nf1 e2 41. Kf2 Rf6+ 42. Ke3 e1=Q+ 43. Kd4 Rd6+ 44. Kc5 Qe5+ 45. Kb4 Qd4+ 46. Ka5 b6+ 47. Ka6 Qc5 48. Rxc3 Qxc3 49. Ne3 Qa5+ 50. Kb7 Qxa4 51. Nf5+ Kf6 52. Nxd6 Bd5+ 53. Kc7 Qb4 54. Kd7 Be6+ 55. Kc7 Qc5+ 56. Kb7 Qxd6 57. g4 Bd5+ 58. Ka6 Qa3# 0-1


[Site "https://www.chess.com"]

[Event "Titled Tuesday Blitz November 14 Late 2023"]
[White "Maghsoodloo, Parham"]
[Black "Zeltsan, Joseph"]
[WhiteFideId "12539929"]
[BlackFideId "30932980"]
[WhiteElo "2959"]
[BlackElo "2712"]
[Result "1-0"]
[Round "3"]
[TimeControl "180+1"]
[Date "2023.11.14"]
[WhiteClock "0:00:07"]
[BlackClock "0:00:00"]
[Board "12"]

1. d4 Nf6 2. c4 e6 3. Nc3 d5 4. cxd5 exd5 5. Bg5 Be7 6. e3 O-O 7. Bd3 Re8 8. Nf3 h6 9. Bh4 c6 10. O-O Ne4 11. Bxe7 Qxe7 12. Bxe4 dxe4 13. Nd2 Bf5 14. Nc4 Nd7 15. d5 Rac8 16. Rc1 Nf6 17. dxc6 Rxc6 18. Nb5 Bg4 19. Qd2 a6 20. Nd4 Rc5 21. Nb6 Rh5 22. Qc3 Qd6 23. Qc7 Qb4 24. a3 Qa5 25. Qxb7 Qg5 26. Qc7 Re5 27. f4 exf3 28. Nxf3 Qxe3+ 29. Kh1 Bxf3 30. Rxf3 Qe1+ 31. Rf1 Rxh2+ 32. Kxh2 Ng4+ 33. Kh3 Rh5+ 34. Kxg4 Rg5+ 35. Kf3 Rf5+ 36. Qf4 Rxf4+ 37. Kxf4 Qd2+ 38. Ke4 Qxg2+ 39. Kd4 Qxb2+ 40. Kc5 Qxa3+ 41. Kc6 Qb2 42. Nd5 a5 43. Rb1 Qc2+ 44. Kd6 f6 45. Rg1 Kh7 46. Rbc1 Qh2+ 47. Kd7 Qh3+ 48. Ke8 Qe6+ 49. Ne7 a4 50. Rce1 Qb3 51. Kf8 Qb8+ 52. Kf7 Qb3+ 53. Re6 1-0


[Site "https://www.chess.com"]

[Event "Titled Tuesday Blitz November 14 Late 2023"]
[White "Rorrer, Grayson"]
[Black "Gholami Orimi, Mahdi"]
[WhiteFideId "30944996"]
[BlackFideId "12558486"]
[WhiteElo "2710"]
[BlackElo "2958"]
[Result "1-0"]
[Round "3"]
[TimeControl "180+1"]
[Date "2023.11.14"]
[WhiteClock "0:00:14"]
[BlackClock "0:00:16"]
[Board "13"]

1. e4 e5 2. Nc3 Nf6 3. d4 exd4 4. Qxd4 Nc6 5. Qd3 Bb4 6. Bd2 O-O 7. O-O-O Re8 8. Nge2 d6 9. Bg5 Bxc3 10. Nxc3 h6 11. Bh4 Ne5 12. Qd2 Ng6 13. Bxf6 Qxf6 14. Nd5 Qd8 15. Bd3 Be6 16. f4 c6 17. Nc3 Bg4 18. Rde1 Bd7 19. h3 b5 20. g4 b4 21. Ne2 c5 22. Ng3 Qa5 23. Bc4 Bb5 24. Bd5 c4 25. Bxa8 Qxa2 26. Qxb4 c3 27. bxc3 Ba4 28. Qb2 Qxb2+ 29. Kxb2 Rxa8 30. Rhf1 a5 31. Nf5 Rb8+ 32. Kc1 Rb6 33. Rd1 Rc6 34. Rf3 Rc4 35. Nxd6 Rc7 36. e5 Bc6 37. Rf2 Ba4 38. Rd4 Bd7 39. Rc4 Ra7 40. Re2 a4 41. f5 Nf8 42. Kb1 g6 43. Ka2 h5 44. Ka3 Ra5 45. Rce4 hxg4 46. hxg4 Rc5 47. e6 fxe6 48. fxe6 Bxe6 49. Rxe6 Nxe6 50. Rxe6 Kg7 51. Ne4 Ra5 52. g5 Kf7 53. Rf6+ Kg7 54. Nd6 Rxg5 55. Rf7+ Kh6 56. Rf4 Rc5 57. Ne4 Rc4 58. Rg4 Kg7 59. Rf4 Kh6 60. Rh4+ Kg7 61. Rg4 Kh6 62. Kb2 Kg7 63. Nf2 Rxg4 64. Nxg4 g5 65. Ka3 Kg6 66. Kxa4 Kf5 67. Nf2 Kf4 68. Nh3+ Kf5 69. Nxg5 Kxg5 70. c4 Kf6 71. Kb5 Ke7 72. c5 Kd8 73. c6 Kc7 74. c3 Kc8 75. Kb6 Kb8 76. c7+ Kc8 77. c4 Kd7 78. Kb7 Ke7 79. c8=Q Kd6 80. c5+ Ke5 81. c6 Kd6 82. c7 Kc5 83. Qd7 Kb4 84. c8=Q Ka5 85. Qc5# 1-0


[Site "https://www.chess.com"]